 Dungeon Crawl Stone Soup version 0.30.1 (webtiles) character file.

Game seed: 11875380775441085357

214 Sanktem7 the Chopper (level 5, -2/47 HPs)
             Began as a Minotaur Fighter on July 13, 2023.
             Killed from afar by an orc wizard (9 damage)
             ... with a puff of flame
             ... on level 4 of the Dungeon.
             The game lasted 00:03:06 (2831 turns).

Sanktem7 the Chopper (Minotaur Fighter)             Turns: 2831, Time: 00:03:07

Health: -2/47      AC: 10    Str: 22    XL:     5   Next: 60%
Magic:  4/4        EV:  9    Int:  5    God:
Gold:   208        SH:  4    Dex: 10    Spells: 4/4 levels left

rFire   . . .        a - +0 war axe {axe}
rCold   . . .        c - +0 buckler
rNeg    + . .        b - +0 scale mail
rPois   .            (helmet restricted)
rElec   .            (no cloak)
rCorr   .            h - +2 pair of gloves
SInv    .            (no boots)
Will    .....        (no amulet) Stlth
                     g - ring of positive energy
HPRegen 0.27/turn    (no ring)
MPRegen 0.09/turn

%: no passive effects
@: no status effects
A: horns 2, retaliatory headbutt
a: no special abilities


You were on level 4 of the Dungeon.
You visited 1 branch of the dungeon, and saw 4 of its levels.

You collected 208 gold pieces.


Innate Abilities, Weirdness & Mutations

You have a pair of horns on your head.
You reflexively headbutt those who attack you in melee.


   Skills:
 + Level 4.6 Fighting
 * Level 4.9 Axes
 + Level 4.7 Armour
 + Level 4.6 Shields


You had 4 spell levels left.
You didn't know any spells.
Your spell library contained the following spells:

 Spells                   Type           Power      Damage    Failure   Level
 Beastly Appendage        Tmut           0%         N/A       85%         1
 Cigotuvi's Dreadful Rot  Necr/Pois/Air  0%         N/A       94%         2
 Wereblood                Tmut           0%         N/A       94%         2
 Spider Form              Tmut/Pois      0%         N/A       99%         3
 Dispel Undead            Necr           0%         3d6       100%        4
 Death Channel            Necr           0%         N/A       100%        6

Inventory:

Hand Weapons
 a - a +0 war axe (weapon) {axe}
 i - a +2 dagger of speed {short}
   (You found it on level 1 of the Dungeon)
 q - a +0 antimagic trident {polearm}
   (You took it off an orc on level 3 of the Dungeon)
 t - a +1 vampiric falchion {long}
   (You took it off Robin on level 3 of the Dungeon)
 w - a +1 spear of venom {polearm}
   (You found it on level 4 of the Dungeon)
Missiles
 j - 20 stones (quivered) {throwing}
 n - 4 boomerangs {throwing}
 s - 7 poisoned darts {throwing}
Armour
 b - a +0 scale mail (worn)
 c - a +0 buckler (worn)
 h - a +2 pair of gloves (worn)
   (You found it on level 1 of the Dungeon)
Jewellery
 g - a ring of positive energy (left hand)
   (You found it on level 1 of the Dungeon)
 p - a ring of willpower
   (You found it on level 2 of the Dungeon)
 y - a ring of magical power
   (You found it on level 4 of the Dungeon)
Scrolls
 f - 2 scrolls of identify {unknown}
 k - 4 scrolls of fog {unknown}
 l - 2 scrolls of teleportation {unknown}
 m - a scroll of magic mapping {unknown}
 o - 3 scrolls of poison {unknown}
 r - a scroll of summoning {unknown}
 u - a scroll of immolation {unknown}
 x - a scroll of blinking {unknown}
Potions
 d - 2 potions of might
 e - 2 potions of heal wounds {unknown}
 v - a potion of attraction {unknown}

Dungeon Overview and Level Annotations

Branches:
Dungeon (4/15) Zot: 21107
 Temple: D:4-7

Altars:

Shops:
D:1 ( D:3

[:::* #.#
..........## #o#
#.#....##.....# #g#
#.#....##...... #.#
#.#...........# #o#
#....#....#...# #o#
#.............# #.#
#.............#
#{####.....####....#
#..@......###.......
######...)....######
##########


There were no monsters in sight!


Message History

You kill the quokka!
No target in view!
No target in view!
No target in view!
No target in view!
No target in view!
No target in view!
There is a stone staircase leading down here.
y - a ring of magical power
d - 2 potions of might (gained 1)
There is a shaft here.
There is a shaft here.
A ball python comes into view.
A ball python is nearby!
A ball python is nearby!
You slash the ball python!
You kill the ball python!
No target in view!
No target in view!
No target in view!
No target in view!
No target in view!
You now have 208 gold pieces (gained 18).
Key pressed, stopping explore.
A goblin comes into view. It is wielding a +0 dagger.
The goblin shouts!
A goblin is nearby!
The goblin closely misses you.
You closely miss the goblin. The goblin hits you but does no damage.
You slash the goblin!
You kill the goblin!
No target in view!
No target in view!
No target in view!
No target in view!
An orc comes into view. It is wielding a +0 whip.
The orc shouts!
You hear a shout! x2
An orc comes into view. It is wielding a +0 flail.
There are monsters nearby!
There are monsters nearby!
An orc wizard comes into view.
It is wielding a +2 dagger of holy wrath.
An orc priest comes into view. It is wielding a +0 dagger.
The orc priest shouts!
The orc suddenly cheers.
The orc misses you. You furiously retaliate!
You headbutt the orc, but do no damage.
The orc wizard casts a spell.
The orc wizard flickers and vanishes!
Deactivating autopickup; reactivate with Ctrl-A.
You hit the orc but do no damage.
A goblin comes into view. It is wielding a +0 dagger.
You block the orc's attack.
You completely miss the orc.
The goblin shouts!
Your headbutt misses the orc. The orc barely misses you.
You barely miss the orc. Your headbutt misses the orc.
The orc hits you but does no damage.
An orc priest comes into view. It is wielding a +0 falchion.
The orc priest shouts!
You hit the orc.
The orc priest begins to cast a cantrip, but forgets the words!
The orc hits you but does no damage.
You barely miss the orc. The orc hits you but does no damage.
You barely miss the orc. Your headbutt misses the orc.
You block the orc's attack. The orc closely misses you.
You hit the orc.
You kill the orc!
The orc priest calls down the wrath of Beogh upon you.
Beogh smites you! 😮 HP[-13]
You take 13 damage, and now have 34/47 hp.
MASSIVE DAMAGE!! (PAUSE)
You miss something.
The orc priest invokes the aid of Beogh against you.
Beogh smites you!
* * * LOW HITPOINT WARNING * * *
Something hits you but does no damage. 😨 HP[-16]
You take 16 damage, and now have 18/47 hp.
MASSIVE DAMAGE!! (PAUSE)
You closely miss something. Something completely misses you.
You barely miss something. Something hits you.
* * * LOW HITPOINT WARNING * * *
Something hits you but does no damage. 😨 HP[-2]
You take 2 damage, and now have 16/47 hp.
You slash something!
The orc priest casts a cantrip, but nothing happens.
Something hits you but does no damage.
The orc priest mumbles some strange prayers to Beogh against you.
Beogh smites you!
* * * LOW HITPOINT WARNING * * *
😱 HP[-10]
You take 10 damage, and now have 6/47 hp.
MASSIVE DAMAGE!! (PAUSE)
Something hits you but does no damage.
You hear some strange, mumbled words.
A puff of flame appears from out of thin air!
The puff of flame hits you!
You die...

Skill      XL: |  1  2  3  4 |
---------------+-------------+-----
Axes           | 3 4 |  4.9
Fighting       | 4 |  4.6
Shields        | 4 |  4.6
Armour         | 4 |  4.7

Action                     |  1- 3 |  4- 6 || total
---------------------------+-------+-------++-------
  Melee: War axe           |    99 |    75 ||   174
         Headbutt          |    14 |    10 ||    24
 Armour: Scale mail        |    52 |    43 ||    95
  Dodge: Dodged            |    39 |    29 ||    68
  Block: Buckler           |    28 |    20 ||    48

Levels and vault maps discovered:
D:1:      spicycebolla_arrival_xxxplode, layout_basic, serial_shops,
          nicolae_shop_statue_plus, nicolae_grassy_gnolls
D:2:      layout_basic
D:3:      layout_loops_ring, ebering_ecumenical_altar_box, serial_shops,
          nicolae_square_shop, shop, shop, shop, shop, uniq_robin
D:4:      black_bear_nest_1, layout_loops_ring, grunt_ministairs_10,
          skrybe_limestone_x

Notes
Turn   | Place    | Note
-------+----------+-------------------------------------------
     0 | D:1      | Sanktem7 the Minotaur Fighter began the quest for the Orb.
     0 | D:1      | Reached XP level 1. HP: 19/19 MP: 0/0
     0 | D:1      | magus.rc [v1.9.6]
    80 | D:1      | Reached XP level 2. HP: 27/27 MP: 1/1
   138 | D:1      | Reached skill level 3 in Axes
   217 | D:1      | Reached skill level 4 in Fighting
   310 | D:1      | Reached XP level 3. HP: 33/33 MP: 2/2
   455 | D:1      | Reached skill level 4 in Shields
   455 | D:1      | Found Jalo's Antique Weapon Boutique.
   478 | D:1      | Reached skill level 4 in Armour
  1000 | D:2      | You pick up a book of Decay and begin reading...
  1000 | D:2      | You add the spells Cigotuvi's Dreadful Rot, Dispel Undead
                  | and Death Channel to your library.
  1358 | D:2      | You pick up a book of Changes and begin reading...
  1358 | D:2      | You add the spells Beastly Appendage, Wereblood and Spider
                  | Form to your library.
  1817 | D:3      | Found Sety's Book Emporium.
  1830 | D:3      | Found Ydohifo's Book Emporium.
  1868 | D:3      | Reached XP level 4. HP: 40/40 MP: 3/3
  1932 | D:3      | Reached skill level 4 in Axes
  1943 | D:3      | Found a faded altar of an unknown god.
  1965 | D:3      | Noticed Robin
  1978 | D:3      | Killed Robin
  2061 | D:3      | Found Mentyed's Book Emporium.
  2205 | D:3      | Found Fesowkixi's Assorted Antiques.
  2383 | D:3      | Found Osehy's Antique Armour Shop.
  2563 | D:4      | Reached XP level 5. HP: 41/47 MP: 4/4
  2828 | D:4      | HP: 6/47 [orc priest/divine providence (10)]
  2831 | D:4      | Killed from afar by an orc wizard

Vanquished Creatures
  A scorpion (D:4)
  An orc wizard (D:4)
  Robin (D:3)
  A gnoll (D:1)
  2 adders (D:3)
  A dart slug (D:3)
  4 orcs
  6 endoplasms
  6 giant cockroaches
  9 goblins
  6 hobgoblins
  8 quokkas
  7 ball pythons
  7 bats
  4 frilled lizards
  8 kobolds
  7 rats
79 creatures vanquished.

Table legend:
 A = Non-vault XP
 B = Vault XP
 C = Vault XP percentage of total XP
 D = Non-vault monster count
 E = Vault monster count
 F = Vault count percentage of total count
                 A         B        C        D         E       F
            +---------+---------+-------+---------+---------+-------
      Total |     262 |      45 |  14.7 |      69 |      10 |  12.7
            +---------+---------+-------+---------+---------+-------
        D:1 |      51 |      14 |  21.5 |      31 |       1 |   3.1
        D:2 |      21 |       0 |   0.0 |      14 |       0 |   0.0
        D:3 |      48 |      27 |  36.0 |      13 |       7 |  35.0
        D:4 |     142 |       4 |   2.7 |      11 |       2 |  15.4
            +---------+---------+-------+---------+---------+-------

Skill      XL: |  1  2  3  4 |
---------------+-------------+-----
Axes           | 3 4 |  4.9
Fighting       | 4 |  4.6
Shields        | 4 |  4.6
Armour         | 4 |  4.7

Action                     |  1- 3 |  4- 6 || total
---------------------------+-------+-------++-------
  Melee: War axe           |    99 |    75 ||   174
         Headbutt          |    14 |    10 ||    24
 Armour: Scale mail        |    52 |    43 ||    95
  Dodge: Dodged            |    39 |    29 ||    68
  Block: Buckler           |    28 |    20 ||    48

Illustrated notes

Table legend:
 A = Kills in this place as a percentage of kills in the entire game.
 B = Kills by you in this place as a percentage of kills by you in the entire game.
 C = Kills by friends in this place as a percentage of kills by friends in the entire game.
 D = Other kills in this place as a percentage of other kills in the entire game.
 E = Experience gained in this place as a percentage of experience gained in the entire game.
 F = Experience gained in this place divided by the number of levels of this place that you have seen.
                   A       B       C       D       E      F
               +-------+-------+-------+-------+-------+----------------------
         Total | 100.0 | 100.0 |   N/A |   N/A | 100.0 |  76.8
       Dungeon | 100.0 | 100.0 |   N/A |   N/A | 100.0 |  76.8
               +-------+-------+-------+-------+-------+----------------------

Table legend: (Time is in decaauts)
 A = Elapsed time spent in this place.
 B = Non-inter-level travel time spent in this place.
 C = Inter-level travel time spent in this place.
 D = Time resting spent in this place.
 E = Time spent auto-exploring this place.
 F = Levels seen in this place.
 G = Mean time per level.
                   A        B        C        D        E       F      G
               +--------+--------+--------+--------+--------+-----+--------+
         Total |   2891 |   2805 |     86 |      0 |   2332 |   4 |  722.8 |
       Dungeon |   2891 |   2805 |     86 |      0 |   2332 |   4 |  722.8 |
               +--------+--------+--------+--------+--------+-----+--------+

Top non-repeatable levels by time:
     D:1: 1016 daAuts
     D:2: 779 daAuts
     D:3: 752 daAuts
     D:4: 343 daAuts
